 Dungeon Crawl Stone Soup version 0.27-a0-1084-g78b3836a5f (webtiles) character file.

Game seed: 6365590218030062777

403 robertstho the Magician (level 6, -1/42 HPs)
             Began as a Djinni Fire Elementalist on Apr 26, 2021.
             Killed from afar by a steam dragon (4 damage)
             ... with a ball of steam
             ... on level 6 of the Dungeon.
             The game lasted 00:07:11 (4097 turns).

robertstho the Magician (Djinni Fire Elementalist)  Turns: 4097, Time: 00:07:11

Health: -1/42      AC:  3    Str:  7    XL:     6   Next: 86%
Gold:   80         EV: 12    Int: 19    God:
                   SH:  0    Dex: 13

rFire    + + .     SeeInvis .   d - +1 hunting sling (flame)
rCold    x . .     Faith    .   (no shield)
rNeg     . . .     Spirit   .   a - +0 robe
rPois    ∞         Reflect  .   o - +0 helmet
rElec    .         Harm     .   (no cloak)
rCorr    .         Rampage  .   (no gloves)
Will     .....                  (boots unavailable)
Stlth    ++........             (no amulet)
HPRegen  0.14/turn              (no ring)
MPRegen  0.00/turn              (no ring)

@: flying, very slightly contaminated
A: fire resistance 2, cold vulnerability 1, float, innate caster, hp casting,
extra vitality 1
a: no special abilities


You were on level 6 of the Dungeon.
You visited 1 branch of the dungeon, and saw 4 of its levels.

You collected 80 gold pieces.

Inventory:

Hand Weapons
 d - a +1 hunting sling of flaming (weapon)
 j - a +0 short sword
 k - a +0 rapier
Missiles
 h - 41 sling bullets (quivered ammo)
 i - 71 stones
Armour
 a - a +0 robe (worn)
 o - a +0 helmet (worn)
Wands
 p - a wand of flame (18)
Scrolls
 b - a scroll of identify
 e - a scroll of torment {unknown}
 g - 2 scrolls of teleportation {unknown}
 l - a scroll of fog {unknown}
 m - a scroll of amnesia {unknown}
 n - a scroll of holy word {unknown}
Potions
 c - a potion of resistance


   Skills:
 + Level 1.0 Fighting
 + Level 2.4 Slings
 + Level 2.6 Dodging
 * Level 3.0 Stealth
 * Level 4.8 Spellcasting


You couldn't memorise any spells.
You knew the following spells:

 Your Spells              Type           Power      Damage    Failure   Level
a - Foxfire               Conj/Fire      92%        2x1d8     1%          1
b - Conjure Flame         Conj/Fire      23%        6-21      5%          3
c - Inner Flame           Hex/Fire       23%        N/A       5%          3
d - Sticky Flame          Conj/Fire      23%        2d4       17%         4
e - Fireball              Conj/Fire      11%        3d7       43%         5
f - Corona                Hex            25%        N/A       1%          1
g - Static Discharge      Conj/Air       23%        N/A       2%          2
Your spell library was empty.

Dungeon Overview and Level Annotations

Branches:
Dungeon (3/15)

Altars:
Ashenzari
Cheibriados
Kikubaaqudgha
Makhleb
Ru
Sif Muna
The Shining One


Innate Abilities, Weirdness & Mutations

You are immune to poison.
Your flesh is very heat resistant. (rF++)
You are vulnerable to cold. (rC-)
You float through the air rather than walking.
You learn spells naturally, not from books.
Your magical power is your life essence.
You have superior vitality. (+4 HP)


Message History

You miscast Foxfire.
You are very lightly contaminated with residual magic.
Nothing appears to happen.
Unknown command.
Casting: Foxfire (safe; 1% risk of failure)
Confirm with . or Enter, or press ? or * to list all spells.
You conjure some foxfire!
The steam dragon misses you. The steam dragon barely misses you.
The foxfire hits the steam dragon.
The steam dragon is moderately wounded.
The foxfire hits the steam dragon but does no damage.
The steam dragon is moderately wounded.
The steam dragon bites you! The steam dragon claws you.
Unknown command.
It was a potion of curing.
You feel better. The steam dragon bites you!
* * * LOW HITPOINT WARNING * * *
The steam dragon barely misses you.
Casting: Foxfire (safe; 1% risk of failure)
Confirm with . or Enter, or press ? or * to list all spells.
The spell is quite dangerous to cast (17% risk of failure)!
Continue anyway? [Y]es or [N]o only, please.
The spell is quite dangerous to cast (17% risk of failure)!
Continue anyway?
Okay, then.
Casting: Sticky Flame (quite dangerous; 17% risk of failure)
Confirm with . or Enter, or press ? or * to list all spells.
The spell is quite dangerous to cast (17% risk of failure)!
Continue anyway?
Aiming: Sticky Flame (quite dangerous; 17% risk of failure)
Press: ? - help, Shift-Dir - straight line, f - steam dragon
Aim: a steam dragon (moderately wounded, 100% to hit)
The sticky flame hits the steam dragon.
The steam dragon is moderately wounded.
The steam dragon is covered in liquid flames!
* * * LOW HITPOINT WARNING * * *
The steam dragon burns!
The steam dragon bites you.
* * * LOW HITPOINT WARNING * * *
The steam dragon barely misses you.
The steam dragon burns!
The steam dragon breathes steam at you. The ball of steam hits you. You resist.
You die...

#.# #.#
#.# #.#
#.# #.#
#.########
#@........
#§.#######
#D.# #..#
#..# #..#
#..# #..#
...#


You could see a steam dragon (burning, catching breath).

Vanquished Creatures
  An ogre (D:6)
  A scorpion (D:3)
  A jelly (D:6)
  2 orc wizards (D:3)
  Natasha (D:3)
  5 adders
  3 worms (D:2)
  2 dart slugs
  15 orcs (D:3)
  4 ball pythons (D:1)
  8 bats
  3 bat zombies (D:3)
  3 endoplasms
  3 giant cockroaches
  5 goblins
  5 hobgoblins
  3 jackals (D:1)
  2 quokkas (D:3)
  2 frilled lizards
  6 kobolds
  4 rats
  2 rat zombies (D:3)
81 creatures vanquished.

Vanquished Creatures (collateral kills)
  4 foxfires (D:1)
4 creatures vanquished.

Vanquished Creatures (others)
  256 foxfires
256 creatures vanquished.

Grand Total: 341 creatures vanquished

Notes
Turn   | Place    | Note
-------+----------+-------------------------------------------
     0 | D:1      | robertstho the Djinni Fire Elementalist began the quest for
                  | the Orb.
     0 | D:1      | Reached XP level 1. HP: 15/15 MP: 0/0
   134 | D:1      | Reached skill level 3 in Spellcasting
   231 | D:1      | Reached XP level 2. HP: 17/21 MP: 0/0
   289 | D:1      | Found a faded altar of an unknown god.
  1162 | D:1      | Reached XP level 3. HP: 23/25 MP: 0/0
  1162 | D:1      | Learned a level 1 spell: Corona
  2174 | D:2      | Reached XP level 4. HP: 30/31 MP: 0/0
  2776 | D:2      | Reached skill level 4 in Spellcasting
  2924 | D:3      | Found a snail-covered altar of Cheibriados.
  3044 | D:3      | Reached XP level 5. HP: 5/35 MP: 0/0
  3044 | D:3      | Learned a level 2 spell: Static Discharge
  3346 | D:3      | Reached skill level 1 in Slings
  3365 | D:3      | Found a sacrificial altar of Ru.
  3365 | D:3      | Found a burning altar of Makhleb.
  3368 | D:3      | Found a broken altar of Ashenzari.
  3405 | D:3      | Reached XP level 6. HP: 20/41 MP: 0/0
  3954 | D:3      | Found a glowing golden altar of the Shining One.
  3990 | D:3      | Noticed Natasha
  3993 | D:3      | Killed Natasha
  4033 | D:3      | You are sucked into a shaft and drop 3 floors!
  4049 | D:6      | Reached skill level 1 in Fighting
  4085 | D:6      | Noticed a steam dragon
  4097 | D:6      | Killed from afar by a steam dragon

Illustrated notes

Levels and vault maps discovered:
D:1:      lemuel_arrival_hallway, layout_basic, serial_forest,
          infiniplex_forest_end_3, infiniplex_forest_clump_medium,
          infiniplex_forest_end_1, infiniplex_forest_end_1,
          infiniplex_forest_clump_double, hellmonk_ecumenical_altar_run_dry,
          minmay_shallow_snake_nest
D:2:      layout_loops_ring, nrook_loot_triangle, minmay_misc_feat_hallway
D:3:      layout_rooms, lemuel_crystal_altar, grunt_temple_overflow_open,
          nicolae_wu_jian_immortal_techniques,
          lemuel_zombie_altar_kikubaaqudgha, uniq_natasha,
          uniq_crazy_yiuf_cottage
D:6:      layout_loops_ring

Skill      XL: |  1  2  3  4  5  6 |
---------------+-------------------+-----
Spellcasting   | 3 4 |  4.8
Stealth        | 2 3 |  3.0
Slings         | 1 2 |  2.4
Fighting       | 1 |  1.0
Dodging        | |  2.6

Action                   |  1- 3 |  4- 6 || total
-------------------------+-------+-------++-------
Melee: Unarmed           |     1 |       ||     1
       Short sword       |       |     3 ||     3
 Fire: Hunting sling     |       |    47 ||    47
 Cast: Foxfire           |    83 |    85 ||   168
       Sticky Flame      |       |     4 ||     4
  Use: Scroll            |     2 |       ||     2
       Potion            |       |     1 ||     1
Armor: Robe              |     4 |     4 ||     8
Dodge: Dodged            |    13 |    31 ||    44

Table legend: (Time is in decaauts)
 A = Elapsed time spent in this place.
 B = Non-inter-level travel time spent in this place.
 C = Inter-level travel time spent in this place.
 D = Time resting spent in this place.
 E = Time spent auto-exploring this place.
 F = Levels seen in this place.
 G = Mean time per level.
                   A        B        C        D        E       F      G
               +--------+--------+--------+--------+--------+-----+--------+
         Total |   4105 |   3974 |    131 |    324 |   3109 |   4 | 1026.2 |
       Dungeon |   4105 |   3974 |    131 |    324 |   3109 |   4 | 1026.2 |
               +--------+--------+--------+--------+--------+-----+--------+

Top non-repeatable levels by time:
     D:1: 1489 daAuts
     D:2: 1448 daAuts
     D:3: 1103 daAuts
     D:6: 63 daAuts
